 Dungeon Crawl Stone Soup version 0.26-a0-612-gd4d190f45e (webtiles) character file.

Game seed: 2132655338933294311

36 DogServant the Vexing (level 3, -1/25 HPs)
             Began as a Spriggan Arcane Marksman on Sept 10, 2020.
             Slain by a worker ant (2 damage)
             ... on level 2 of the Dungeon.
             The game lasted 00:05:17 (1630 turns).

DogServant the Vexing (Spriggan Arcane Marksman)    Turns: 1630, Time: 00:05:18

Health: -1/25      AC:  3    Str:  6    XL:     3   Next: 19%
Magic:  7/7        EV: 18    Int: 14    God:
Gold:   36         SH:  0    Dex: 17    Spells: 3/6 levels left

rFire    . . .     SeeInvis +   g - +0 short sword
rCold    . . .     Faith    .   (shield restricted)
rNeg     . . .     Spirit   .   e - +1 robe
rPois    .         Reflect  .   (helmet restricted)
rElec    .         Harm     .   (no cloak)
rCorr    .                      (gloves unavailable)
MR       .....                  (boots unavailable)
Stlth    ..........             (no amulet)
HPRegen  0.08/turn              (no ring)
MPRegen  0.10/turn              (no ring)

@: berserking (expiring), lethally poisoned (-1 -> -7), very quick
A: very small, unfitting armour, see invisible, speed 3
a: no special abilities


You were on level 2 of the Dungeon.
You visited 1 branch of the dungeon, and saw 2 of its levels.

You collected 36 gold pieces.

Inventory:

Hand Weapons
 a - a +0 shortbow
 g - a +0 short sword (weapon)
Missiles
 c - 61 stones (quivered)
 d - 54 arrows
Armour
 e - a +1 robe (worn)
Scrolls
 b - 2 scrolls of enchant armour
 j - a scroll of fog
 p - a scroll of magic mapping {unknown}
Potions
 f - a potion of flight {unknown}
 h - a potion of berserk rage
 k - a potion of heal wounds {unknown}
 m - a potion of curing {unknown}
 q - a potion of lignification {unknown}
 r - 2 potions of stabbing {unknown}


   Skills:
 - Level 0.7 Fighting
 * Level 3.6 Bows
 - Level 3.0 Dodging
 + Level 2.2 Spellcasting
 + Level 4.1 Hexes


You had 3 spell levels left.
You knew the following spells:

 Your Spells              Type           Power        Failure   Level
a - Corona                Hex            ##.....      4%          1
b - Slow                  Hex            ##......     7%          2

Your spell library contained the following spells:

 Spells                   Type           Power        Failure   Level
 Inner Flame              Hex/Fire       #.......     30%         3
 Portal Projectile        Hex/Tloc       #.....       30%         3
 Cause Fear               Hex            ##........   41%         4
 Leda's Liquefaction      Hex/Erth       #.........   69%         4


Dungeon Overview and Level Annotations

Branches:
Dungeon (2/15)

Altars:


Innate Abilities, Weirdness & Mutations

You are very small and have problems with some larger weapons.
You are too small for most types of armour.
You have supernaturally acute eyesight. (SInv)
You cover ground extremely quickly.


Message History

* * * LOW HITPOINT WARNING * * *
You are more poisoned.
The worker ant poisons you!
Okay, then.
Okay, then.
A red film seems to cover your vision as you go berserk!
You feel yourself moving faster!
You feel mighty!
* * * LOW HITPOINT WARNING * * *
You feel sick. The worker ant misses you.
You hit the worker ant.
The worker ant is moderately wounded.
The worker ant misses you.
You closely miss the worker ant.
The worker ant is moderately wounded.
The worker ant barely misses you.
You puncture the worker ant!
The worker ant is almost dead.
* * * LOW HITPOINT WARNING * * *
You feel sick. The worker ant bites you.
You die...

. ....#######
.8.....a@.#
8_8........#
.8..>####.#.#
.... .# $#
#.# (# .# #
.# # .# ##


You could see a worker ant.

Vanquished Creatures
  An adder (D:2)
  An ooze (D:1)
  A bat (D:1)
  A giant cockroach (D:1)
  3 goblins (D:1)
  3 hobgoblins (D:1)
  4 jackals (D:1)
  2 kobolds (D:1)
  5 rats (D:1)
21 creatures vanquished.

Notes
Turn   | Place    | Note
-------+----------+-------------------------------------------
     0 | D:1      | DogServant the Spriggan Arcane Marksman began the quest for
                  | the Orb.
     0 | D:1      | Reached XP level 1. HP: 9/9 MP: 3/3
   396 | D:1      | Reached XP level 2. HP: 14/14 MP: 5/5
   422 | D:1      | Learned a level 2 spell: Slow
   881 | D:1      | Reached skill level 4 in Hexes
  1618 | D:2      | Found a faded altar of an unknown god.
  1626 | D:2      | Reached XP level 3. HP: 12/17 MP: 7/7
  1630 | D:2      | HP: 1/25 [poisoned by a worker ant]
  1630 | D:2      | Slain by a worker ant

Illustrated notes

Levels and vault maps discovered:
D:1:      scummos_arrival_simple_fountains, layout_basic, columned_hall_lemuel
D:2:      layout_loops_ring, grunt_temple_overflow_gold_and_silver,
          chequers_ecumenical_altar_simple

Skill      XL: |  1  2 |
---------------+-------+-----
Bows           | 3 |  3.6
Spellcasting   | 2 |  2.2
Hexes          | 4 |  4.1
Fighting       | |  0.7
Dodging        | |  3.0

Action                   || total
-------------------------++-------
Melee: Short sword       ||    81
 Fire: Shortbow          ||    29
Throw: Stone             ||     2
 Cast: Corona            ||     9
       Slow              ||     1
  Use: Scroll            ||     6
       Potion            ||     1
 Stab: Sleeping          ||     3
Armor: Robe              ||    12
Dodge: Dodged            ||    97

Table legend: (Time is in decaauts)
 A = Elapsed time spent in this place.
 B = Non-inter-level travel time spent in this place.
 C = Inter-level travel time spent in this place.
 D = Time resting spent in this place.
 E = Time spent auto-exploring this place.
 F = Levels seen in this place.
 G = Mean time per level.
                   A        B        C        D        E       F      G
               +--------+--------+--------+--------+--------+-----+--------+
         Total |   1407 |   1407 |      0 |    340 |    774 |   2 |  703.5 |
       Dungeon |   1407 |   1407 |      0 |    340 |    774 |   2 |  703.5 |
               +--------+--------+--------+--------+--------+-----+--------+

Top non-repeatable levels by time:
     D:1: 1200 daAuts
     D:2: 206 daAuts
